 Dungeon Crawl Stone Soup version 0.21-a0-72-gbbb65ab (webtiles) character file.

548 Ordine the Magician (level 7, -12/41 HPs)
             Began as an Octopode Wizard on June 20, 2017.
             Was a Believer of Vehumet.
             Shot with an arrow by a centaur (13 damage)
             ... on level 5 of the Dungeon.
             The game lasted 00:16:51 (6163 turns).

Ordine the Magician (Octopode Wizard)               Turns: 6163, Time: 00:16:52

Health: -12/41     AC:  2    Str: 16    XL:     7   Next: 28%
Magic:  24/24      EV: 13    Int: 22    God:    Vehumet [**....]
Gold:   325        SH:  0    Dex: 10    Spells: 8/17 levels left

rFire    . . .     SeeInvis .   y - +0 dagger of Trog's Outrage {vamp, Fragile rPois Str+9}
rCold    . . .     Gourm    .   (no shield)
rNeg     . . .     Faith    .   a - +1 hat
rPois    +         Spirit   .   (no amulet)
rElec    .         Reflect  .   g - ring of flight
rCorr    +         Harm     .   o - ring of resist corrosion
MR       .....                  h - ring of magical power
Stlth    +++.......             (no ring)
HPRegen  0.13/turn              (no ring)
MPRegen  0.19/turn              (no ring)
                                (no ring)
                                (no ring)

@: no status effects
A: almost no armour, stealthy swim, amphibious, 8 rings, constrict 8, camouflage
1, gelatinous body 1
a: Renounce Religion, Evoke Flight


You were on level 5 of the Dungeon.
You worshipped Vehumet.
Vehumet was pleased with you.
You were not hungry.

You visited 1 branch of the dungeon, and saw 5 of its levels.

You collected 325 gold pieces.

Inventory:

Hand Weapons
 y - the +0 dagger of Trog's Outrage (weapon) {vamp, Fragile rPois Str+9}
   (You found it on level 4 of the Dungeon)

   It inflicts no extra harm, but heals its wielder when it wounds a living foe.
   It affects your strength (+9).
   It protects you from poison.
   It will be destroyed if unequipped.
Armour
 a - a +1 hat (worn)
Jewellery
 g - a ring of flight (left tentacle)
 h - a ring of magical power (on tentacle)
 o - a ring of resist corrosion (right tentacle)
Wands
 e - a wand of flame (36/48)
 u - a wand of acid (4/15)
 A - a wand of iceblast (10/15)
Scrolls
 d - a scroll of recharging
 i - a scroll of teleportation
 n - 2 scrolls of remove curse
 r - 2 scrolls of magic mapping
 t - 3 scrolls of enchant armour
 w - a scroll of enchant weapon
 x - a scroll of blinking
Potions
 j - a potion of resistance
 k - a potion of berserk rage {unknown}
 l - 2 potions of haste
 m - a potion of invisibility {unknown}
 q - a potion of mutation {unknown}
 s - a potion of degeneration {unknown}
 v - a potion of might {unknown}
Books
 b - a book of Minor Magic

   Spells                             Type                      Level
   a - Magic Dart                     Conjuration                  1
   b - Blink                          Translocation                2
   c - Call Imp                       Summoning                    2
   d - Slow                           Hexes                        2
   e - Conjure Flame                  Conjuration/Fire             3
   f - Mephitic Cloud                 Conjuration/Poison/Air       3
Comestibles
 c - 2 bread rations
 f - 5 royal jellies
 p - 4 meat rations


   Skills:
 + Level 2.2 Dodging
 - Level 4.0 Stealth
 * Level 5.6 Spellcasting
 + Level 3.3 Conjurations
   Level 1.0 Summonings
 - Level 3.0 Translocations
 + Level 0.6 Fire Magic
 + Level 1.0 Air Magic


You had 8 spell levels left.
You knew the following spells:

 Your Spells              Type           Power        Failure   Level  Hunger
a - Magic Dart            Conj           ###.         2%          1    None
b - Blink                 Tloc           N/A          4%          2    None
c - Conjure Flame         Conj/Fire      ##......     13%         3    ##.....
d - Mephitic Cloud        Conj/Pois/Air  ##......     16%         3    ##.....


Dungeon Overview and Level Annotations

Branches:
Dungeon (5/15)
 Temple: D:4-7

Altars:
Elyvilon
Vehumet
Wu Jian
Xom


Innate Abilities, Weirdness & Mutations

You cannot wear most types of armour.
You are very stealthy in the water. (Stealth+)
You are amphibious.
You can wear up to eight rings at the same time.
You can use your tentacles to constrict eight enemies at once.
Your skin changes colour to match your surroundings (Stealth+).
Your rubbery body absorbs attacks. (AC +1, EV +1)


Message History

The iguana falls into the lava!
The iguana is incinerated.
Casting: Magic Dart
Confirm with . or Enter, or press ? or * to list all spells.
Aiming: Magic Dart
Press: ? - help, Shift-Dir - straight line, f/p - scorpion
Aim: a scorpion The magic dart hits the scorpion.
A centaur comes into view.
The centaur wields a shortbow.
The centaur shoots an arrow.
The arrow hits you.
The centaur shoots an arrow.
The arrow hits you!
You see here 2 arrows.
The centaur shoots an arrow.
The arrow barely misses you.
The centaur shoots an arrow.
The arrow hits you!
You see here an arrow.
You see here 20 arrows.
The centaur shoots an arrow.
The arrow hits you!
* * * LOW HITPOINT WARNING * * *
The centaur shoots an arrow.
The arrow hits you!
You die...

#..####............#
##................##
#...............##
#......>........#
#....########..##
#...## ##.# #...#
#.## #. #...# #..#
#.. ##..# #(@# #.#
#..# #.# #(.####..#
##§....<.#
###.§.....##
#..##.....#
##.###....# #(#
##.c......
#....≈§≈≈§#.....###


You could see a centaur.

Vanquished Creatures
  2 hounds (D:4)
  An orc priest (D:3)
  4 orc wizards
  2 iguanas (D:4)
  Jessica (D:3)
  4 worker ants
  5 gnolls
  2 adders
  5 worms
  A dart slug (D:3)
  6 leopard geckos
  7 orcs
  11 bats
  3 giant cockroaches
  6 goblins
  6 hobgoblins
  4 jackals (D:4)
  6 kobolds
  A quokka (D:4)
  2 ball pythons
  5 frilled lizards
  9 rats
93 creatures vanquished.

Vanquished Creatures (others)
  A crocodile (D:5)
  An iguana (D:5)
2 creatures vanquished.

Grand Total: 95 creatures vanquished

Notes
Turn   | Place    | Note
-------+----------+-------------------------------------------
     0 | D:1      | Ordine the Octopode Wizard began the quest for the Orb.
     0 | D:1      | Reached XP level 1. HP: 11/11 MP: 4/4
    61 | D:1      | Reached XP level 2. HP: 17/17 MP: 0/6
   468 | D:1      | Reached XP level 3. HP: 21/21 MP: 5/7
   660 | D:1      | You fall through a shaft!
   945 | D:2      | Found a radiant altar of Vehumet.
   950 | D:2      | Became a worshipper of Vehumet
  1222 | D:2      | Found an ornate altar of the Wu Jian Council.
  1226 | D:2      | Learned a level 2 spell: Blink
  1702 | D:2      | Reached XP level 4. HP: 19/27 MP: 9/9
  2215 | D:3      | Noticed Jessica
  2435 | D:3      | Killed Jessica
  2435 | D:3      | Reached skill level 4 in Spellcasting
  2533 | D:3      | Reached XP level 5. HP: 31/31 MP: 11/11
  2545 | D:3      | Learned a level 3 spell: Conjure Flame
  2549 | D:3      | Learned a level 3 spell: Mephitic Cloud
  2917 | D:2      | HP: 1/31 [orc wizard/puff of flame (10)]
  3233 | D:2      | Reached * piety under Vehumet
  3233 | D:2      | Offered knowledge of Sting by Vehumet.
  3674 | D:3      | Reached XP level 6. HP: 36/36 MP: 12/13
  4206 | D:3      | Found a white marble altar of Elyvilon.
  4411 | D:3      | HP: 1/36 [orc priest/divine providence (14)]
  4422 | D:3      | Reached skill level 5 in Spellcasting
  5127 | D:4      | Offered knowledge of Shock by Vehumet.
  5144 | D:4      | Reached ** piety under Vehumet
  5144 | D:4      | Reached XP level 7. HP: 13/41 MP: 1/15
  5727 | D:4      | Reached skill level 1 in Air Magic
  5880 | D:4      | Got an encrusted dagger
  5928 | D:4      | Identified the +0 dagger of Trog's Outrage {vamp, Fragile rPois Str+9} (You found it on level 4 of the Dungeon)
  6099 | D:5      | Entered Level 5 of the Dungeon
  6151 | D:5      | Found a shimmering altar of Xom.
  6163 | D:5      | HP: 1/41 [centaur/arrow (14)]
  6163 | D:5      | Shot with an arrow by a centaur

Vault maps used:
D:1:      dpeg_arrival_tiny_b
D:2:      vehumet_crystals, lemuel_round_altar
D:3:      elyvilon_altar_3, kennysheep_pointless_box, uniq_jessica
D:4:      grunt_ministairs_5, serial_bayou_pond_b
D:5:      xom_confusion_cloud, minmay_temple_entry_butterflies, first_bread

Skill      XL: |  1  2  3  4  5  6  7 |
---------------+----------------------+-----
Stealth        | 3 4 |  4.0
Spellcasting   | 4 5 |  5.6
Conjurations   | 2 3 |  3.3
Translocations | 2 3 |  3.0
Air Magic      | 1 |  1.0
Dodging        | |  2.2
Summonings     | |  1.0
Fire Magic     | |  0.6

Action                   |  1- 3 |  4- 6 |  7- 9 || total
-------------------------+-------+-------+-------++-------
Melee: Unarmed           |     6 |     6 |       ||    12
       Constrict         |     1 |     2 |       ||     3
       Short sword       |       |    10 |       ||    10
 Cast: Magic Dart        |    71 |   209 |    53 ||   333
       Conjure Flame     |       |     4 |     2 ||     6
       Blink             |       |     4 |       ||     4
       Mephitic Cloud    |       |     1 |       ||     1
  Use: Scroll            |     9 |     3 |     3 ||    15
       Potion            |     1 |     4 |     1 ||     6
  Eat: Chunk             |     1 |     7 |     4 ||    12
       Bread ration      |       |     1 |     1 ||     2
Armor: Skin              |     4 |    15 |     6 ||    25
Dodge: Dodged            |    19 |    63 |    10 ||    92
